Map: 莱瑞拉克之冠

Players

NavYCeals - Winner!

  • Race: Protoss Protoss
  • League: Diamond

shengy

  • Race: Zerg Zerg
  • League: Platinum

VOD

Have the link to the VOD?

Description

Time

  • Played on: Jan. 1, 2016, 9:49 p.m.
  • Length: 3:38
Show
View Real Time Build Order
Export as new Build Order

NavYCeals Protoss - Winner!

Build Orders:  

Get SALT Encoding   

  12  0:02  Probe (Chrono Boost)  
  13  0:12  Probe (Chrono Boost)  
  14  0:17  Pylon  
  14  0:23  Probe (Chrono Boost)  
  15  0:35  Probe (Chrono Boost)  
  16  0:39  Gateway  
  16  0:46  Probe (Chrono Boost)  
  16  0:49  Assimilator  
  17  0:56  Probe (Chrono Boost)  
  18  1:02  Pylon  
  18  1:07  Probe (Chrono Boost)  
  19  1:17  Probe (Chrono Boost)  
  20  1:24  Gateway  
  20  1:28  Cybernetics Core  
  20  1:33  Probe (Chrono Boost)  
  21  1:43  Probe (Chrono Boost)  
  22  1:48  Zealot (Chrono Boost)  
  24  1:54  Probe  
  25  2:10  Mothership Core  
  25  2:12  Zealot (Chrono Boost)  
  25  2:15  Zealot (Chrono Boost)  
  31  2:27  Pylon  
  31  2:46  Zealot (Chrono Boost)  
  31  2:47  Zealot (Chrono Boost)  
  35  3:11  Zealot  
  37  3:14  Pylon  
  37  3:19  Nexus  
Show
View Real Time Build Order
Export as new Build Order

shengy Zerg 

Build Orders: Hatch First 

Get SALT Encoding   

  12  0:01  Drone  
  13  0:08  Drone  
  14  0:17  Overlord  
  14  0:35  Drone x3  
  17  0:46  Drone  
  18  0:57  Hatchery  
  18  1:00  Drone  
  18  1:07  Drone  
  19  1:17  Spawning Pool  
  18  1:18  Extractor  
  18  1:22  Drone  
  18  1:40  Hatchery  
  17  1:47  Drone  
  17  1:50  Overlord  
  18  1:55  Drone  
  19  2:02  Drone  
  20  2:13  Drone  
  21  2:20  Zergling x2  
  22  2:23  Queen  
  22  2:26  Queen  
  26  2:31  Drone  
  26  2:32  Drone  
  26  2:35  Drone  
  29  2:41  Drone  
  29  2:42  Drone  
  31  2:46  Overlord  
  31  2:57  Drone x2  
  32  3:07  Zergling x8  
  36  3:19  Zergling x4  
  39  3:20  Zergling x2  
  39  3:33  Roach Warren, Extractor  
Tags
 
Add a new tag
Caveats
  • Supply blocks, unpowered buildings, or Contaminate may cause inaccurate times.
  • Supply counts are checked every 10 seconds.